[Event "*** Titled Tuesday Blitz"]
[Site "Chess.com"]
[Date "2019.01.01"]
[Round "4"]
[White "vpsetter"]
[Black "IMAghasiyevKamal"]
[Result "1-0"]
[WhiteElo "2579"]
[BlackElo "2532"]
[TimeControl "180+2"]
[EndTime "13:57:35 PST"]
[Termination "vpsetter won by resignation"]

1. e4 e5 2. Nf3 Nc6 3. Bb5 a6 4. Ba4 Nf6 5. O-O Be7 6. Re1 b5 7. Bb3 d6 8. c3 O-O 9. h3 Nb8 10. d4 Nbd7 11. a4 Bb7 12. Nbd2 c5 13. d5 c4 14. Bc2 Nc5 15. a5 Rb8 16. Nf1 Bc8 17. N3h2 b4 18. cxb4 Rxb4 19. Ng3 Nb3 20. Bxb3 Rxb3 21.
Qc2 Qc7 22. Ra4 Rb5 23. Bd2 Qb7 24. Rb1 Bd7 25. Rxc4 Rc8 26. Rxc8+ Bxc8 27. b4 Bd7 28. Rc1 Qa7 29. Nf3 Rb8 30. Qd3 h6 31. Ne1 Qb7 32.
Qc3 Rc8 33. Qb2 Rxc1 34. Qxc1 Bd8 35. Qc3 Qb5 36. Nc2 Qa4 37. Ne3 g6 38. Kh2 Ne8 39.
Nc4 h5 40. Be3 h4 41. Nf1 Bb5 42. Nfd2 Qd1 43. Na3 Bd7 44. b5 axb5 45. Nb3 Qe2 46.
Qb4 Bc8 47. Qxb5 Qxb5 48. Nxb5 Kf8 49. Na7 Bb7 50. Nc6 Bf6 51. Nb4 Nc7 52. Bb6 Na6 53.
Nxa6 Bxa6 54. Nc1 Ke7 55. Na2 Kd7 56. Nb4 Bc8 57. a6 Bg5 58. a7 Bb7 59. Nc6 f5 60. f3 Ba8 61. Na5 Bd2 62. Nc4 Bb4 63. Bf2 Kc7 64. Nb6 Kb7 65. Nxa8 Kxa8 66. Kg1 fxe4 67. fxe4 Ba5 68. Kf1 Bd8 69. Ke2 Kb7 70. Kf3 g5 71. Kg4 1-0

[Event "*** Titled Tuesday Blitz"]
[Site "Chess.com"]
[Date "2019.01.01"]
[Round "4"]
[White "severomorskij"]
[Black "HouseOfDurin"]
[Result "1/2-1/2"]
[WhiteElo "2742"]
[BlackElo "1846"]
[TimeControl "180+2"]
[EndTime "13:57:41 PST"]
[Termination "Game drawn - insufficient material"]

1. d4 Nf6 2. Bg5 Ne4 3. Bf4 c5 4. f3 Nf6 5. dxc5 Qa5+ 6. Nc3 Qxc5 7. e4 a6 8. Qd2 d6 9. O-O-O Be6 10. Nge2 Nbd7 11.
Nd4 Bc4 12. Nb3 Bxb3 13. axb3 Rc8 14. Kb1 g6 15. g4 b5 16. g5 Nh5 17. Be3 Qb4 18. Bh3 Bg7 19. Bxd7+ Kxd7 20. Nd5 Qxd2 21.
Rxd2 Rc6 22. Nb4 Rhc8 23. Nxc6 Rxc6 24. f4 Ke6 25. Rf1 f5 26. gxf6 Nxf6 27. Bd4 Bh6 28.
f5+ gxf5 29. Bxf6 Bxd2 30. Bh4 fxe4 31. c3 e3 32. Kc2 b4 33. c4 d5 34. Kd3 dxc4+ 35.
bxc4 Rd6+ 36. Ke2 Rd4 37. Bg3 Rxc4 38. Kd3 Rc5 39. Rf4 a5 40. Re4+ Kd7 41. Rh4 h5 42. Rd4+ Kc6 43. Re4 Kd7 44. Rd4+ Ke6 45. Re4+ Kf7 46. Rf4+ Kg6 47. Re4 Kf6 48. Bh4+ Kf5 49.
Rxe7 Kg4 50. Bg3 a4 51. Ke2 a3 52. bxa3 bxa3 53. Re4+ Kf5 54. Ra4 Rc3 55. Ra5+ Kg4 56. Ra4+ Kf5 57. Ra5+ Kg4 58. Ra4+ Kf5 59. Ra5+ Kg6 60.
Ra6+ Kf7 61. Be5 Rc2 62. Kd3 Ra2 63. Bd4 e2 64. Kxe2 Bc3+ 65. Kd3 Bxd4 66. Kxd4 Rxh2 67. Rxa3 Rh4+ 68. Ke5 Rg4 69. Kf5 Rg1 70. Ra7+ Ke8 71. Rh7 Rf1+ 72. Kg5 Rg1+ 73. Kxh5 Rh1+ 74. Kg6 Rxh7 75. Kxh7 1/2-1/2

[Event "*** Titled Tuesday Blitz"]
[Site "Chess.com"]
[Date "2019.01.01"]
[Round "4"]
[White "GhostOfGreenval"]
[Black "Rainmond"]
[Result "1/2-1/2"]
[WhiteElo "2740"]
[BlackElo "2791"]
[TimeControl "180+2"]
[EndTime "13:57:45 PST"]
[Termination "Game drawn by repetition"]

1. e4 g6 2. d4 Bg7 3. Nc3 d6 4. Be3 a6 5. a4 Nd7 6. Qd2 h6 7.
Bc4 e6 8. f4 Ne7 9. Nf3 d5 10.
Bd3 b6 11. a5 Bb7 12. axb6 cxb6 13. e5 h5 14. Qe2 Qc8 15. Ng5 Nc6 16. g4 hxg4 17.
Qxg4 Nf8 18. h4 Nb4 19. h5 gxh5 20. Rxh5 Nxd3+ 21. cxd3 Rh6 22. Kd2 Qd7 23. Rah1 Rg6 24. Qf3 O-O-O 25. Rc1 Kb8 26. Nh3 Bc8 27. f5 exf5 28.
Nf4 Ne6 29. Nxg6 fxg6 30. Rh7 f4 31. Bxf4 Rf8 32. Qxd5 Qxd5 33. Nxd5 Bb7 34. Nxb6 Rxf4 35. d5 Rb4 36. dxe6 Rxb2+ 37. Kc3 Bxe5+ 38. d4 Rxb6 39. dxe5 Rxe6 40. Kd4 Rb6 41. Rh8+ Ka7 42. Re8 a5 43. e6 a4 44. e7 Re6 45. Rc4 Kb6 46. Rb4+ Kc7 47. Kc3 Bc6 48. Rc4 Kd7 49. Rd8+ Kxe7 50. Rd2 Be8 51. Kb4 g5 52. Kc3 Re5 53. Rg4 Bd7 54.
Rxd7+ Kxd7 55. Rxa4 Rd5 56. Rd4 Ke6 57. Rxd5 Kxd5 58. Kd3 Ke5 59. Ke3 g4 60. Kf2 Kf4 61. Kg2 g3 62. Kg1 Ke3 63. Kg2 Kf4 64. Kg1 Kg4 65.
Kg2 Kh4 66. Kg1 Kh3 67. Kh1 Kg4 68. Kg2 Kf4 69. Kg1 Kf3 70. Kf1 Kg4 71. Kg2 1/2-1/2

[Event "*** Titled Tuesday Blitz"]
[Site "Chess.com"]
[Date "2019.01.01"]
[Round "4"]
[White "talento10"]
[Black "VladDobrov"]
[Result "0-1"]
[WhiteElo "2542"]
[BlackElo "2838"]
[TimeControl "180+2"]
[EndTime "13:57:47 PST"]
[Termination "VladDobrov won by resignation"]

1. e4 c6 2. d4 d5 3. e5 Bf5 4.
h4 Qc7 5. g4 Bd7 6. Nc3 e6 7. f4 h5 8. g5 c5 9. Be3 a6 10. Nf3 Ne7 11. Bd3 c4 12. Be2 Nf5 13. Bf2 g6 14. Qd2 b5 15. a3 Nc6 16. O-O Rb8 17. Na2 Be7 18. Nb4 Qb7 19. c3 Na7 20. Nc2 a5 21. Ne3 Nxe3 22. Bxe3 Kf8 23. Ne1 Kg7 24. Nc2 Nc6 25. Bf3 Qc7 26. Rf2 Rhd8 27. Rg2 Bc8 28. f5 exf5 29. Bf4 Be6 30. Ne3 Qd7 31.
Kh2 Rb6 32. Qe2 Rh8 33. Qd1 Rbb8 34. Qe2 b4 35. axb4 axb4 36. Rf2 bxc3 37. bxc3 Rb3 38. Qe1 Rhb8 39. Bd1 Rb2 40. Rxb2 Rxb2+ 41. Kg1 Qd8 42. Bc2 Na5 43. Qc1 Rb8 44. Qd1 Nb3 45. Ra6 Rb6 46.
Ra7 Bf8 47. Ng2 Qb8 48. Ra2 Rb5 49. Ne3 Na5 50. Ng2 Nc6 51. Ne3 Rb2 52. Qa1 Rxa2 53. Qxa2 Qb6 54. Kf1 Nxd4 55. cxd4 Qxd4 56. Ng2 Qc3 57.
Ba4 d4 58. Bc6 d3 59. Qd2 Qa1+ 60. Kf2 Bc5+ 61. Kg3 Qd4 62. Bb5 Bd5 63. Qe3 Be4 64. e6 Qxe3+ 65. Bxe3 Bxe3 66. Nxe3 fxe6 67. Bxc4 e5 68.
Kf2 f4 69. Nd5 Bf5 70. Nc3 e4 71. Bd5 e3+ 72. Kf3 d2 73. Kxf4 e2 0-1

[Event "*** Titled Tuesday Blitz"]
[Site "Chess.com"]
[Date "2019.01.01"]
[Round "4"]
[White "Triumphmate"]
[Black "DanielMieles1985"]
[Result "1/2-1/2"]
[WhiteElo "2208"]
[BlackElo "2102"]
[TimeControl "180+2"]
[EndTime "13:57:50 PST"]
[Termination "Game drawn - insufficient material"]

1. e4 e5 2. Nf3 Nc6 3. Nc3 Nf6 4. Bb5 Bd6 5. O-O O-O 6. d3 Nd4 7. Bc4 c6 8. Be3 Bc7 9. Nxd4 exd4 10. Bxd4 d5 11.
Bxf6 Qxf6 12. exd5 Qh6 13. g3 Qh3 14. Qf3 Bg4 15.
Qg2 Qh5 16. f3 Bh3 17. Qd2 Bxf1 18. Rxf1 b5 19. Bb3 b4 20. Ne2 cxd5 21. Qxb4 Rfe8 22. Nf4 Bxf4 23. Qxf4 Re2 24. h4 Rae8 25. Rf2 Re1+ 26. Kg2 h6 27. c3 Rb1 28. d4 Ree1 29. Qb8+ Kh7 30. Bc2+ g6 31. Bxb1 Rxb1 32. Qf4 Kg7 33. Qe5+ Qxe5 34. dxe5 Rd1 35. Re2 Kf8 36. Kf2 Ke7 37. f4 Ke6 38. Kf3 Rf1+ 39. Rf2 Rh1 40.
Kg2 Re1 41. g4 h5 42. f5+ Kxe5 43. fxg6 fxg6 44. gxh5 gxh5 45. Kg3 Rg1+ 46. Kf3 Rg4 47. Re2+ Kd6 48. Rg2 Rxh4 49. Rg6+ Kc5 50. Rg7 Rh2 51. Rb7 a5 52. a4 Kc4 53. Rb5 d4 54. cxd4 Kxd4 55. Kg3 Re2 56. b3 Kc3 57. Kf3 Rb2 58.
Rxa5 Rxb3 59. Rxh5 Ra3 60. a5 Kb4+ 61. Ke4 Rxa5 62.
Rh8 Rb5 63. Ra8 Rb7 64. Kd5 Rd7+ 65. Kc6 Rd2 66. Rb8+ Kc3 67. Rh8 Rd3 68. Kc5 Re3 69.
Ra8 Rd3 70. Ra3+ Kd2 71. Ra2+ Ke3 72. Kc4 Rd4+ 73. Kc5 Rd3 74. Ra8 Rd2 75. Kc4 Rd4+ 76. Kc3 Rd3+ 77. Kc2 Rd2+ 78. Kc1 Rd4 79. Re8+ Kd3 80.
Rh8 Kc3 81. Rh3+ Rd3 82. Rxd3+ Kxd3 1/2-1/2

[Event "*** Titled Tuesday Blitz"]
[Site "Chess.com"]
[Date "2019.01.01"]
[Round "4"]
[White "jerom555888"]
[Black "cherryandmint"]
[Result "1/2-1/2"]
[WhiteElo "2695"]
[BlackElo "2616"]
[TimeControl "180+2"]
[EndTime "13:58:15 PST"]
[Termination "Game drawn by repetition"]

1. Nf3 d5 2. g3 Nf6 3. Bg2 e6 4. O-O Be7 5. d3 O-O 6. Nbd2 c5 7. e4 Nc6 8. e5 Nd7 9. Re1 Qc7 10. Qe2 b5 11. Nf1 Bb7 12. Bf4 Rfc8 13. Ne3 Qd8 14. c3 a5 15. h4 b4 16. h5 h6 17. Ng4 Bf8 18. c4 Ne7 19. Ne3 a4 20. Rad1 Nb6 21.
Nf1 b3 22. a3 Rab8 23. g4 Qe8 24. Ng3 Ba6 25. Rc1 Nc6 26. Qe3 Nd4 27. Nxd4 cxd4 28.
Qxd4 Bc5 29. Qc3 dxc4 30. d4 Be7 31. Qd2 Bb7 32. Bxb7 Rxb7 33. Ne4 Nd5 34. Nc3 Qc6 35.
Bxh6 gxh6 36. Qxh6 Nxc3 37. Rxc3 Rd7 38. Qf4 Rcd8 39.
Re4 Rd5 40. g5 Rc8 41. Qg4 Qe8 42. Kg2 Rc6 43. h6 Kh7 44. f4 Qg8 45. Kf3 Qg6 46. Qh3 Qf5 47. Qxf5+ exf5 48. Re1 Rxd4 49. Rec1 Bf8 50.
Ke3 Re4+ 51. Kf3 Rc8 52. Rd1 Kg6 53. Rh1 Rd4 54. Ke3 Rdd8 55. Rhc1 Bc5+ 56. Ke2 Bd4 57.
Rxc4 Rxc4 58. Rxc4 Bxb2 59. Rc6+ Kh7 60. Rc7 Kg6 61. Rc6+ Kh7 62. Rc7 Bc1 63. Rxf7+ Kh8 64. g6 Bxf4 65. Rh7+ Kg8 66. Rg7+ Kf8 67. Rf7+ Kg8 68. Rg7+ Kf8 69. Rf7+ Ke8 70. e6 b2 71. g7 Rd2+ 72. Kf3 Rd3+ 73. Kxf4 Rd4+ 74. Kxf5 b1=Q+ 75. Kf6 Rf4+ 76. Kg5 Rg4+ 77. Kxg4 Qg6+ 78. Kf3 Qd3+ 79. Kf4 Qd4+ 80. Kf5 Qd3+ 81. Kf6 Qf3+ 82. Kg6 Qe4+ 83. Kf6 Qf4+ 84. Kg6 Qe4+ 85. Kf6 Qf4+ 86.
Kg6 Qe4+ 87. Kf6 Qf4+ 88. Kg6 Qe4+ 89. Kf6 Qf4+ 90. Kg6 Qe4+ 1/2-1/2

[Event "*** Titled Tuesday Blitz"]
[Site "Chess.com"]
[Date "2019.01.01"]
[Round "4"]
[White "Zufi1811"]
[Black "itisabigworld"]
[Result "1/2-1/2"]
[WhiteElo "2404"]
[BlackElo "2309"]
[TimeControl "180+2"]
[EndTime "13:58:18 PST"]
[Termination "Game drawn by repetition"]

1. e4 b6 2. d4 Bb7 3. Bd3 e6 4. Qe2 Nf6 5. Nf3 c5 6. d5 Be7 7.
c4 exd5 8. exd5 d6 9. O-O O-O 10. Nc3 Nbd7 11. h3 Re8 12. Bf4 a6 13. Rfe1 Nf8 14.
a4 Ng6 15. Bh2 Nh5 16. Qd2 Nf6 17. Re2 Qd7 18. Rae1 Bf8 19. Ng5 Rxe2 20. Rxe2 Re8 21. Nge4 Nxe4 22. Rxe4 Rxe4 23. Nxe4 h6 24. b3 f5 25. Nc3 Ne5 26. Bc2 Bc8 27. Ne2 g5 28. Bxe5 dxe5 29. Ng3 Qf7 30. f3 Bd6 31. Qd3 e4 32.
fxe4 f4 33. Nf5 Bxf5 34. exf5 Qf6 35. Qe4 Be5 36. Bd1 Kg7 37. Bh5 Bd4+ 38. Kf1 Qe5 39. Qxe5+ Bxe5 40. Ke2 Kf6 41. Bg4 a5 42. Kd3 Bd6 43.
Ke4 Ke7 44. Bd1 Kf6 45. Bc2 Ke7 46. Kf3 h5 47. Bd1 Kf6 48. Ke4 h4 49. Bc2 Ke7 50. Kf3 Kf6 51. Kg4 Be7 52. Be4 Bf8 53. Kh5 Be7 54. Kh6 Bd6 55. Kh7 Be7 56. Kg8 Bd6 57.
Kh7 Be7 58. Kh6 Bd6 59. Kh5 Be7 60. Kg4 Bd6 61. Bc2 Be7 62. Kf3 Bd6 63. Ke4 Ke7 64.
Bd1 Kf6 65. Bg4 Ke7 66. Bf3 Kf6 67. Bg4 Ke7 68. Bf3 Kf7 69. Bd1 Kg7 70. Kf3 Kf6 71. Kg4 Be5 72. Bc2 Bc7 73. Kf3 Ke5 74. Kg4 Kf6 75. Kh5 Bd6 76. Kg4 Bf8 77. Be4 Be7 78. Bc2 Bd6 79. Kf3 Ke5 80. Kg4 Be7 81. Kf3 Kd4 82.
Kg4 Ke5 83. Bd1 Kf6 84. Bc2 Bd6 85. Kf3 Bc7 86. Kg4 Bb8 87. Kf3 Be5 88. Kg4 Bc7 89.
Kf3 Bd8 90. Kg4 Be7 91. Kf3 Bf8 92. Ke4 Bd6 93. Kf3 Ke5 94. Kg4 Kf6 1/2-1/2

[Event "*** Titled Tuesday Blitz"]
[Site "Chess.com"]
[Date "2019.01.01"]
[Round "4"]
[White "JSMastropiero"]
[Black "TheBigBoss04"]
[Result "1-0"]
[WhiteElo "2288"]
[BlackElo "2505"]
[TimeControl "180+2"]
[EndTime "13:58:27 PST"]
[Termination "JSMastropiero won by resignation"]

1. d4 Nf6 2. c4 e6 3. g3 Bb4+ 4. Bd2 a5 5. Bg2 d5 6. Nf3 dxc4 7. O-O O-O 8. Qc2 Bd7 9. Qxc4 b5 10. Qc2 Na6 11.
Bg5 Rc8 12. Nbd2 h6 13. Bxf6 Qxf6 14. Ne4 Qe7 15. a3 Bd6 16. Qd2 a4 17. Rac1 Rfd8 18. Qa5 Nb8 19. Nc5 Nc6 20. Qc3 Nb8 21. Rfd1 Bc6 22.
e3 Bd5 23. Ne1 Bxg2 24. Kxg2 c6 25. Ned3 Re8 26. f4 Nd7 27. Nxd7 Qxd7 28. Nc5 Qe7 29. Qd3 Red8 30. Qe4 Bb8 31. Nd3 Bd6 32. Rc2 Rc7 33. Rdc1 Rdc8 34. Rxc6 Rxc6 35. Rxc6 Qb7 36. Rxc8+ Qxc8 37. Nf2 Qc4 38. Qd3 Qc6+ 39. e4 b4 40. axb4 Bxb4 41.
d5 exd5 42. exd5 Qb6 43. Ne4 Bd6 44. Nxd6 Qxd6 45. Qc4 Qb6 46. Qc8+ Kh7 47. Qc2+ Kg8 48. Qd2 Qd6 49. Kf3 h5 50. h3 g6 51. Qd4 Kh7 52. g4 hxg4+ 53. hxg4 Kg8 54. g5 Qd7 55. Kg3 Qd6 56. Qe5 Qb4 57. d6 Qb3+ 58. Kg4 Qd1+ 59.
Kg3 Qg1+ 60. Kf3 Qf1+ 61. Ke4 Qc4+ 62. Qd4 Qc6+ 63. Kd3 Qb5+ 64. Kc3 Qc6+ 65. Kb4 Qd7 66. Qb6 Qf5 67. Qd4 Qd7 68. Qf6 Qc6 69. Qe7 Qb6+ 70.
Kxa4 Qa6+ 71. Kb4 Qb6+ 72. Kc4 Qxb2 73. Qe8+ Kh7 74. Qxf7+ Kh8 75. Qf8+ Kh7 76. Qe7+ Kg8 77. Kd5 Qb3+ 78. Ke5 Qc3+ 79. Ke6 Qc4+ 80. Kf6 Qxf4+ 81. Kxg6 Qe4+ 82. Qxe4 Kf8 83. Qe7+ 1-0

[Event "*** Titled Tuesday Blitz"]
[Site "Chess.com"]
[Date "2019.01.01"]
[Round "4"]
[White "ori99"]
[Black "Karina_Oparina"]
[Result "1-0"]
[WhiteElo "2015"]
[BlackElo "2052"]
[TimeControl "180+2"]
[EndTime "13:58:29 PST"]
[Termination "ori99 won on time"]

1. e4 c6 2. d4 d5 3. Nc3 dxe4 4. Nxe4 Nf6 5. Nxf6+ exf6 6. Nf3 Bd6 7. Bd3 O-O 8. O-O Bg4 9. h3 Bh5 10. Be3 Nd7 11.
Be2 a5 12. Qd2 Qc7 13. c3 a4 14. a3 b5 15. Rfe1 Nb6 16. Rad1 Nd5 17. Nh4 Bxe2 18. Qxe2 Rfe8 19. Nf5 Nxe3 20. Nxe3 g6 21. Qg4 Qc8 22. Qf3 f5 23. d5 c5 24. Nc2 Qb7 25. Qd3 Kf8 26. Qd2 Kg7 27. Qg5 h6 28. Qd2 Qd7 29. Re2 Re4 30. Rxe4 fxe4 31. Re1 Re8 32. Ne3 Bf4 33. Rd1 f5 34. g3 Bg5 35. Qe2 Bxe3 36. Qxe3 Qd6 37. Kf1 Re5 38. Qf4 g5 39. Qd2 Kf6 40. Kg2 Re7 41. Qe2 c4 42. Qh5 Ke5 43. f4+ exf3+ 44. Qxf3 Kf6 45. Qh5 Kg7 46. Rd2 Qe5 47. h4 Qe4+ 48. Qf3 Qxf3+ 49. Kxf3 Kf6 50. hxg5+ hxg5 51. d6 Rd7 52. Rd5 Ke6 53. Rxb5 Rxd6 54. Rc5 Rd2 55. Rxc4 Rxb2 56. Rxa4 Rb3 57. Ra6+ Ke5 58.
Ra5+ Kf6 59. Ra6+ Ke5 60. Ra5+ Ke6 61. Ra6+ Ke5 62. Ra5+ Kf6 63. Ra6+ Kg7 64. Ra7+ Kg6 65. Ra6+ Kh5 66. Ra5 Rxc3+ 67. Kf2 Kg4 68. Ra4+ f4 69.
gxf4 gxf4 70. Ra8 Rc2+ 71. Ke1 Kf3 72. Rb8 Rc1+ 73. Kd2 Ra1 74. Rb3+ Kf2 75. Rb4 f3 76. a4 Kf1 77. Kc2 f2 78. Re4 Kg2 79. Rg4+ Kf3 80. Rg8 f1=Q 81. Rf8+ 1-0

[Event "*** Titled Tuesday Blitz"]
[Site "Chess.com"]
[Date "2019.01.01"]
[Round "4"]
[White "Anar_Aliakbarov"]
[Black "Naruto-K"]
[Result "0-1"]
[WhiteElo "2454"]
[BlackElo "2487"]
[TimeControl "180+2"]
[EndTime "13:59:11 PST"]
[Termination "Naruto-K won by resignation"]

1. d4 Nf6 2. c4 e6 3. Nf3 d5 4. Nc3 Bb4 5. Bg5 dxc4 6. e3 b5 7. Be2 Bb7 8. O-O a6 9. a4 c6 10. Ne5 Nbd7 11. Nxd7 Qxd7 12. Bxf6 gxf6 13. Ne4 Qe7 14.
b3 cxb3 15. Qxb3 f5 16. Nf6+ Kf8 17. Nd7+ Kg7 18. Ne5 bxa4 19. Rxa4 a5 20. Rc1 Rhc8 21. Bf3 c5 22. Bxb7 Qxb7 23. dxc5 Qb8 24. Nd7 Qc7 25. Nb6 Qc6 26. Nxa8 Rxa8 27. h4 Rd8 28. Ra2 Rd5 29. Rac2 h5 30. e4 fxe4 31. Qg3+ Kh7 32. Qf4 Rf5 33. Qb8 Rxc5 34. Rxc5 Bxc5 35. Qf4 f5 36. Qg5 Qb6 37. Qxh5+ Kg7 38. Qg5+ Kh7 39.
h5 e3 40. Qg6+ Kh8 41. h6 exf2+ 42. Kh1 Qb2 43. Rd1 Bd4 44. Qxe6 a4 45. Qxf5 a3 46. Qc8+ Kh7 47. Qd7+ Kxh6 48. Qd6+ Kh7 49. Qe7+ Kg6 50. Qe6+ Bf6 51. Qg4+ Kh6 52. Qf4+ Kg6 53. Qe4+ Kg5 54. Qe3+ Kg6 55. Qg3+ Kh6 56. Qf4+ Kg6 57. Qe4+ Kh6 58.
Qe3+ Kg6 59. Qd3+ Kh5 60. Qf3+ Kg6 61. g3 a2 62. Qg4+ Kh6 63. Qf4+ Kg6 64. Qg4+ Kh6 65.
Qf4+ Kg6 66. Qe4+ Kh6 67. Qf4+ Kh5 68. Rd5+ Kg6 69. Qg4+ Kf7 70. Rd7+ Be7 71. Qf5+ Qf6 72. Qd5+ Ke8 73. Rxe7+ Kxe7 74. Qc5+ Ke6 75. Qc4+ Kd6 76. Qd3+ Kc5 77. Qa3+ Kb6 78. Qb3+ Kc7 79. Qc4+ Kd7 80. Qd3+ Ke7 81. Qe4+ Kf8 82. Qc4 f1=Q+ 0-1

[Event "*** Titled Tuesday Blitz"]
[Site "Chess.com"]
[Date "2019.01.01"]
[Round "4"]
[White "enriquetejedor"]
[Black "Gubajdullin"]
[Result "1-0"]
[WhiteElo "2556"]
[BlackElo "2433"]
[TimeControl "180+2"]
[EndTime "13:59:27 PST"]
[Termination "enriquetejedor won by checkmate"]

1. e4 g6 2. d4 Bg7 3. Nc3 d6 4. Be3 a6 5. Qd2 b5 6. a4 b4 7. Na2 a5 8. c3 Nf6 9. Bd3 Bb7 10.
f3 bxc3 11. Nxc3 Nbd7 12. Nge2 O-O 13. O-O Nb6 14. Rac1 Nfd7 15. b3 c5 16. Rfd1 cxd4 17. Bxd4 Bxd4+ 18. Nxd4 Nc5 19. Bc2 Qb8 20. Kh1 Rd8 21.
Ndb5 d5 22. exd5 Nxd5 23. Nxd5 Rxd5 24. Qe3 Re5 25. Qd4 Ba6 26. f4 Ne6 27. Qxe5 Qb6 28. f5 gxf5 29. Qxf5 Nf8 30. Rd4 Bb7 31. Rf1 f6 32. Rg4+ Kh8 33. Qh5 Qe3 34. h3 Rc8 35.
Rc4 Rd8 36. Nc3 Ba6 37. Qc5 Qg3 38. Qf2 Qg7 39. Rg4 Qh6 40. Rd1 Rc8 41. Ne4 Bb7 42. Kg1 Qh5 43. Nxf6 Qf7 44. Rg8+ Qxg8 45. Nxg8 Kxg8 46. Rd3 Ng6 47. Rg3 Rc6 48. Bxg6 hxg6 49. Qf3 Rc1+ 50. Qf1 Rxf1+ 51. Kxf1 Kf7 52. b4 axb4 53.
Rb3 Ba6+ 54. Kf2 Ke6 55. Rxb4 Kd5 56. Rb6 Bd3 57. a5 Kc5 58. g4 g5 59. Kg3 e5 60. h4 gxh4+ 61. Kxh4 e4 62. Re6 Kd5 63. Re8 Kd4 64. g5 e3 65. Kh5 Be4 66. Rd8+ Kc3 67. Rc8+ Kd2 68. Rd8+ Kc3 69. Re8 Kd3 70. Rxe4 Kxe4 71.
a6 e2 72. a7 e1=Q 73. a8=Q+ Kd4 74. Qd8+ Kc5 75. Qc7+ Kd5 76. Qd7+ Kc5 77. Qf5+ Kd6 78. Kh6 Qh1+ 79. Kg6 Ke7 80. Qf6+ Ke8 81. Qf7+ Kd8 82. Qg8+ Ke7 83. Qh7+ Qxh7+ 84. Kxh7 Ke6 85. g6 Kf6 86. g7 Kf5 87. Kh6 Kf4 88. Kg6 Kf3 89. Kf5 Kf2 90. g8=Q Ke2 91. Ke4 Kf2 92. Qg4 Kf1 93. Ke3 Ke1 94.
Qe2# 1-0

[Event "*** Titled Tuesday Blitz"]
[Site "Chess.com"]
[Date "2019.01.01"]
[Round "4"]
[White "2nd_life"]
[Black "MehdiHosseinipour"]
[Result "1-0"]
[WhiteElo "2399"]
[BlackElo "2558"]
[TimeControl "180+2"]
[EndTime "13:59:32 PST"]
[Termination "2nd_life won by resignation"]

1. e4 c5 2. Nf3 d6 3. d4 cxd4 4. Nxd4 Nf6 5. Nc3 Nc6 6. f3 e5 7. Nb3 Be7 8. Be3 O-O 9. Be2 a5 10. a3 a4 11. Nc1 Be6 12. Nd5 Rc8 13. Nb6 Rb8 14. Na2 d5 15. exd5 Nxd5 16. Nxd5 Bxd5 17.
Nc3 Be6 18. Qxd8 Rfxd8 19. Nxa4 Nd4 20. Bd3 b5 21. Nc3 b4 22. axb4 Rxb4 23. Bc1 Nb3 24. cxb3 Rxd3 25. Ra8+ Rd8 26. Rxd8+ Bxd8 27. Kf2 Rxb3 28.
Rd1 Bb6+ 29. Kg3 h6 30. h4 Bd4 31. Ne2 Bxb2 32. Bxb2 Rxb2 33. Nc3 g6 34. Re1 Rb3 35. Ne4 Rb5 36. Nc3 Ra5 37. Ne4 Kg7 38. Rc1 Bd5 39.
Rc5 Rxc5 40. Nxc5 Kf6 41. Kf2 Ke7 42. g3 Kd6 43. Nd3 Bc4 44. Ne1 Kd5 45. Ke3 f5 46. f4 e4 47. Kd2 Bb3 48. Kc3 Ba4 49. Ng2 e3 50. Kd3 e2 51. Kxe2 Ke4 52. Kf2 Bb3 53.
h5 gxh5 54. Nh4 Bd1 55. Ng6 Bg4 56. Nh4 Kd3 57. Ng6 Ke4 58. Nh4 Kd5 59. Ng6 Ke6 60. Nh4 Kf6 61. Ke3 Bh3 62. Kd4 Bg4 63. Kd5 Bh3 64.
Kd6 Bf1 65. Nf3 Be2 66. Nh4 Bg4 67. Kd5 Bh3 68. Kd6 Bf1 69. Nf3 Bd3 70. Nh4 Be4 71.
Kd7 Kf7 72. Kd6 Kf6 73. Kd7 Ba8 74. Kd6 Bb7 75. Kd7 Be4 76. Kd6 Kf7 77. Ke5 Bc2 78. Nxf5 Kg6 79. Nh4+ Kf7 80. f5 Bd3 81. Ng2 Be2 82.
Nf4 Bg4 83. Nd5 Bf3 84. Nc7 Bg4 85. Nb5 Bd1 86. Nd6+ Kg7 87. Ke6 Bg4 88. Ke7 Bxf5 89. Nxf5+ Kg6 90. Ke6 Kg5 91. Ke5 Kg4 92. Kf6 Kf3 93.
Kg7 Kg4 94. Kg6 h4 95. gxh4 h5 96. Kf6 Kf4 97. Ne7 Kg4 98. Ng6 1-0

[Event "*** Titled Tuesday Blitz"]
[Site "Chess.com"]
[Date "2019.01.01"]
[Round "4"]
[White "Kazakov_Konstantin"]
[Black "matiss90"]
[Result "1/2-1/2"]
[WhiteElo "2556"]
[BlackElo "2444"]
[TimeControl "180+2"]
[EndTime "13:59:47 PST"]
[Termination "Game drawn by agreement"]

1. d4 Nf6 2. Bf4 g6 3. Nf3 d6 4. e3 Bg7 5. h3 O-O 6. Nbd2 Nfd7 7. c3 e5 8. Bh2 Nc6 9. Be2 Qe7 10. O-O e4 11. Ne1 f5 12. b4 Nf6 13. b5 Nd8 14.
c4 Nf7 15. Nc2 Bd7 16. a4 Rae8 17. a5 g5 18. Nb4 Kh8 19. Kh1 g4 20. a6 b6 21. Nc6 Bxc6 22. bxc6 gxh3 23. gxh3 Ng5 24. h4 Nh3 25. Kg2 f4 26. Kxh3 f3 27. Nxf3 exf3 28.
Bxf3 Ne4 29. Bg3 Nxg3 30. fxg3 Qxe3 31. Bh5 Rd8 32. Qg4 Qxd4 33. Qxd4 Bxd4 34. Rad1 Be5 35. Bg4 Kg7 36. Bf5 h5 37. Rf3 Kh6 38. Rdf1 Rg8 39.
Be6 Rg7 40. g4 hxg4+ 41. Bxg4 Rdg8 42. Rg1 Re8 43. Rf5 Bd4 44. Rh5+ Kg6 45. Rg3 Re3 46. Rxe3 Bxe3 47. Rh8 Bd4 48. Ra8 b5 49. cxb5 Re7 50. Rg8+ Kf7 51. Rc8 Bb6 52. h5 Kg7 53. Kh4 Bf2+ 54. Kg5 Be3+ 55. Kh4 Bf2+ 56. Kh3 Bb6 57. Bd7 Re3+ 58. Kg4 Re4+ 59. Kf3 Re3+ 60. Kf4 Re5 61.
Bf5 Rxb5 62. Rd8 Rb4+ 63. Kf3 Kf6 64. Be4 Rb3+ 65. Kg4 Rb4 66. Kf3 Rb3+ 67. Kg2 Rb2+ 68. Kh3 Kg5 69. Bg6 Rb3+ 70. Kg2 Rb2+ 71. Kf3 Rb4 72. Rf8 Rb3+ 73. Ke4 Re3+ 74. Kd5 Re5+ 75. Kc4 d5+ 76. Kb4 d4 77. Kc4 Re3 78. Rf5+ Kh6 79. Rd5 Rc3+ 80. Kb4 Rc1 81. Be4 Re1 82. Re5 d3 83. Re6+ Kg5 84. Rg6+ Kxh5 85. Bxd3 Re3 86. Bc2 Re5 87. Rg7 Ba5+ 88. Kc4 Bb6 89. Ba4 Rc5+ 90. Kb4 Kh6 91. Rg2 Rc1 92. Bb5 Kh5 93. Rg8 1/2-1/2

[Event "*** Titled Tuesday Blitz"]
[Site "Chess.com"]
[Date "2019.01.01"]
[Round "4"]
[White "BlackBoarder"]
[Black "ama18"]
[Result "1-0"]
[WhiteElo "2559"]
[BlackElo "2432"]
[TimeControl "180+2"]
[EndTime "14:01:42 PST"]
[Termination "BlackBoarder won by resignation"]

1. e4 c5 2. Nf3 d6 3. c3 Nf6 4. h3 g6 5. Bd3 Bg7 6. O-O Nc6 7. Bc2 d5 8. exd5 Nxd5 9. d4 cxd4 10. cxd4 O-O 11. Nc3 Ndb4 12. Be3 Nxc2 13. Qxc2 Nxd4 14. Nxd4 Bxd4 15. Rfd1 e5 16. Nb5 Bf5 17. Qb3 Be6 18. Qa3 Rc8 19. Nxd4 exd4 20. Bxd4 Qg5 21. Qf3 Bd5 22. Qg4 Qxg4 23. hxg4 Rc2 24. Bxa7 Be6 25. g5 Rxb2 26. a4 Rc8 27. Bd4 Re2 28. Rac1 Ra8 29. Ra1 Bb3 30. Rdb1 Bd5 31. a5 Re4 32.
Bf6 Rg4 33. g3 Re4 34. Rd1 Bc6 35. Kh2 Re2 36. Bd4 Rd8 37. Bb6 Rde8 38. Rd6 R2e5 39. Be3 R5e6 40. Rad1 Rxd6 41. Rxd6 Kf8 42. Bc5 Kg8 43.
Bd4 Rc8 44. Bf6 Kf8 45. f4 Ke8 46. Kg1 Bd7 47. Rb6 Bc6 48. Kf2 Kd7 49. Rb4 Ke6 50. g4 Kd5 51. Kg3 Kc5 52. Rb6 Ra8 53. Be7+ Kd5 54.
Bb4 Re8 55. Kf2 Re4 56. Bd2 Ra4 57. Rb3 Ra2 58. Rd3+ Ke4 59. Rd6 Rc2 60. Ke2 Bb5+ 61. Kd1 Ba4 62. Ke1 Bc6 63. Rf6 Bd5 64. Rb6 Kd3 65. Rd6 Ke4 66. Kd1 Ra2 67. Kc1 Ra1+ 68. Kb2 Rg1 69. Rb6 Rxg4 70. Rb4+ Kf5 71. Rb5 Ke6 72.
Rb6+ Kd7 73. Rb5 Bc6 74. Re5 Rg2 75. Kc1 Rg1+ 76. Kc2 Rg2 77. Kc1 Rh2 78. Bb4 Rh1+ 79. Kd2 Rh2+ 80. Ke1 Kd8 81. Re7 Bd5 82. Re5 Be6 83.
Rb5 Kc8 84. Bd6 Ra2 85. Be5 Ra3 86. Rc5+ Kd8 87. Rb5 Bc8 88. Kd2 Rh3 89. Ke2 h6 90. Rd5+ Ke8 91. Bf6 Bd7 92. Re5+ Kf8 93. Rd5 Ke8 94.
Re5+ Be6 95. Kf2 hxg5 96. fxg5 Rd3 97. Rb5 Bc8 98. Re5+ Be6 99. Rb5 Rb3 100. Rc5 Kd7 101. Be5 Kd8 102. Bc7+ Kd7 103. Bb6 Rb2+ 104. Ke3 Rb3+ 105. Kd2 Rb2+ 106. Kc1 Rg2 107. Rc7+ Ke8 108. Rxb7 Rxg5 109. a6 Bd5 110. Rb8+ Kd7 111. a7 Rg4 112. Rd8+ Kc6 113. Rxd5 Ra4 114. Rd8 Kxb6 115. a8=Q Rxa8 116. Rxa8 Kc6 117. Rf8 f5 118. Rf6+ Kd5 119. Rxg6 Ke4 120. Kd1 f4 121. Ke1 f3 122. Kf2 1-0

[Event "*** Titled Tuesday Blitz"]
[Site "Chess.com"]
[Date "2019.01.01"]
[Round "5"]
[White "Abdodi"]
[Black "SARGISMV"]
[Result "0-1"]
[WhiteElo "2178"]
[BlackElo "2416"]
[TimeControl "180+2"]
[EndTime "14:03:43 PST"]
[Termination "SARGISMV won by checkmate"]

1. e4 e6 2. d3 d5 3. Nd2 Nf6 4.
Ngf3 c5 5. e5 Nfd7 6. c3 Nc6 7.
d4 Qb6 8. Nb3 cxd4 9. cxd4 a5 10. Be2 a4 11. Nbd2 Nxd4 12. Nxd4 Qxd4 13. Nf3 Qxd1+ 14.
Bxd1 Bb4+ 15. Ke2 b6 16. Be3 Ba6# 0-1

[Event "*** Titled Tuesday Blitz"]
[Site "Chess.com"]
[Date "2019.01.01"]
[Round "5"]
[White "MissingLife"]
[Black "shnitez"]
[Result "0-1"]
[WhiteElo "2480"]
[BlackElo "2562"]
[TimeControl "180+2"]
[EndTime "14:03:55 PST"]
[Termination "shnitez won by resignation"]

1. c4 e5 2. Nc3 Nc6 3. g3 Bc5 4. Bg2 a6 5. e3 Ba7 6. Nge2 d6 7.
O-O h5 8. b3 h4 9. d4 hxg3 10.
hxg3 Qg5 11. Nd5 Qh5 12. Re1 Qh2+ 13. Kf1 Bh3 14. Nef4 exf4 15. Nxf4 Bxg2+ 16. Nxg2 Qh1+ 17. Ke2 Qxg2 0-1